 Dungeon Crawl Stone Soup version 0.19.1 (webtiles) character file.

1201 Ladykiller69 the Magician (level 8, -2/41 HPs)
             Began as a Deep Elf Wizard on Dec 9, 2016.
             Slain by an orc warrior
             ... wielding a +0 short sword
              (8 damage)
             ... on level 6 of the Dungeon.
             The game lasted 00:17:01 (4945 turns).

Ladykiller69 the Magician (Deep Elf Wizard)         Turns: 4945, Time: 00:17:02

Health: -2/41      AC:  4    Str:  4    XL:     8   Next: 21%
Magic:  14/19      EV: 13    Int: 26    God:
Gold:   367        SH:  0    Dex: 13    Spells: 6 memorised, 6 levels left

rFire  . . .     SeeInvis .     q - +0 dagger (venom)
rCold  . . .     Gourm    .     a - +0 robe
rNeg   . . .     Faith    .     (no shield)
rPois  .         Spirit   .     b - +1 hat
rElec  .         Reflect  .     (no cloak)
rCorr  .         Harm     .     (no gloves)
MR     .....                    s - +0 pair of boots
Stlth  ++........               (no amulet)
                                (no ring)
                                (no ring)

@: no status effects
A: no striking features
a: no special abilities


You were on level 6 of the Dungeon.
You were not hungry.

You visited 1 branch of the dungeon, and saw 6 of its levels.
You also visited: Sewer.

You collected 367 gold pieces.

Inventory:

Hand Weapons
 q - a +0 dagger of venom (weapon)
 H - a +2 trident of protection
Armour
 a - a +0 robe (worn)
 b - a +1 hat (worn)
 s - a +0 pair of boots (worn)
Jewellery
 h - an uncursed amulet of magic regeneration {unknown}
 w - a cursed ring of teleportation {unknown}
 D - an uncursed ring of positive energy {unknown}
Wands
 y - a wand of disintegration (11/24)
 A - a wand of slowing (18/48)
 B - a wand of iceblast (5/15)
 E - a wand of random effects (15/48)
Scrolls
 o - a scroll of recharging {unknown}
 p - 5 scrolls of remove curse
 r - 4 scrolls of identify
 t - 2 scrolls of teleportation
 v - a scroll of amnesia {unknown}
 F - a scroll of fog
 K - a scroll of blinking
Potions
 e - a potion of magic
 i - a potion of berserk rage
 j - 3 potions of curing
 k - 3 potions of invisibility {unknown}
 l - 7 potions of heal wounds {unknown}
 m - a potion of flight {unknown}
 n - a potion of degeneration {unknown}
 u - a potion of cancellation {unknown}
 x - 2 potions of brilliance {unknown}
 z - a potion of mutation {unknown}
 C - a potion of agility {unknown}
Books
 c - a book of Minor Magic

   Spells                             Type                      Level
   a - Magic Dart                     Conjuration                  1
   b - Blink                          Translocation                2
   c - Call Imp                       Summoning                    2
   d - Repel Missiles                 Charms/Air                   2
   e - Slow                           Hexes                        2
   f - Conjure Flame                  Conjuration/Fire             3
   g - Mephitic Cloud                 Conjuration/Poison/Air       3
 G - a book of Cantrips

   Spells                             Type                      Level
   a - Confusing Touch                Hexes                        1
   b - Animate Skeleton               Necromancy                   1
   c - Summon Small Mammal            Summoning                    1
   d - Apportation                    Translocation                1
Comestibles
 d - 7 bread rations
 f - 2 slices of pizza
 g - 6 meat rations
 I - a beef jerky
 J - 4 chunks of flesh


   Skills:
 - Level 3.1 Dodging
 - Level 3.2 Stealth
 - Level 6.3 Spellcasting
 - Level 4.3 Conjurations
 - Level 1.1 Summonings
 - Level 1.1 Translocations
 + Level 5.4 Air Magic
 + Level 5.9 Poison Magic


You had 6 spell levels left.
You knew the following spells:

 Your Spells              Type           Power        Failure   Level  Hunger
a - Magic Dart            Conj           ####         1%          1    None
b - Call Imp              Summ           ##......     10%         2    None
c - Mephitic Cloud        Conj/Pois/Air  #####...     2%          3    None
d - Conjure Flame         Conj/Fire      ###.....     10%         3    None
e - Blink                 Tloc           N/A          10%         2    None
f - Repel Missiles        Chrm/Air       ###...       3%          2    None


Dungeon Overview and Level Annotations

Branches:
Dungeon (6/15)
 Temple: D:4-7

Altars:
Fedhas
Nemelex Xobeh
Xom

Annotations:
D:2 exclusion: oklob plant
D:5 Dowan, Duvessa


Message History

An orc warrior comes into view. It is wielding a short sword.
Things that are here:
a short sword; a leather armour You catch the helpless howler monkey completely off-guard!
You puncture the howler monkey!
The howler monkey is almost dead.
You barely miss the howler monkey.
The howler monkey is almost dead.
You barely miss the howler monkey.
The howler monkey is almost dead.
The orc warrior shouts!
The orc warrior hits you with a short sword!
An orc priest comes into view. It is wielding a club.
Casting: Mephitic Cloud
Confirm with . or Enter, or press ? or * to list all spells.
A beastly little devil appears in a puff of flame.
The orc warrior hits you with a short sword!
* * * LOW HITPOINT WARNING * * *
The orc warrior hits you with a short sword!
You die...

#.######.#
##.#### #.#
#.....# #.#
######.....# #.#
...........# #.#
####.#.....# #.#
#########
#.#.....# #)#
#.....o.#
#.###.###
#5######.#####.#
#.# #.#
#..@o..).# #.#
#.# #.#
#######).# #.#
... ... #..# #.#
#.# ...h. #o#
... ##..##o #.#
...# ##.# #.##
#.# #.# #รท# #(#


You could see an orc warrior and a friendly crimson imp.

Vanquished Creatures
  A hippogriff (D:5)
  An ogre (D:4)
  A phantom (D:5)
  A big kobold (Sewer)
  A bullfrog (D:5)
  A howler monkey (D:6)
  4 crimson imps
  A bullfrog zombie (D:6)
  2 hounds (D:4)
  2 orc priests (D:6)
  A jelly (D:6)
  4 orc wizards
  A worker ant (D:5)
  A hound skeleton (D:5)
  A hound zombie (D:6)
  3 river rats
  8 adders
  A shadow imp (D:6)
  2 adder skeletons
  2 worms
  3 dart slugs
  3 leopard geckos
  10 orcs
  A ball python (D:2)
  5 bats
  7 giant cockroaches
  11 goblins
  10 hobgoblins
  6 jackals
  2 quokkas
  2 frilled lizards
  7 kobolds
  A leopard gecko skeleton (D:5)
  8 rats
115 creatures vanquished.

Notes
Turn   | Place    | Note
-------+----------+-------------------------------------------
     0 | D:1      | Ladykiller69 the Deep Elf Wizard began the quest for the Orb.
     0 | D:1      | Reached XP level 1. HP: 10/10 MP: 7/7
   336 | D:1      | Reached XP level 2. HP: 15/15 MP: 2/9
   595 | D:1      | Learned a level 2 spell: Call Imp
   800 | D:2      | Reached XP level 3. HP: 7/19 MP: 1/11
   924 | D:2      | Found a blossoming altar of Fedhas.
   934 | D:2      | Noticed an oklob plant
  1131 | D:2      | Reached skill level 5 in Spellcasting
  1636 | D:3      | Reached XP level 4. HP: 24/24 MP: 8/13
  1691 | D:3      | Learned a level 3 spell: Mephitic Cloud
  1695 | D:3      | Learned a level 3 spell: Conjure Flame
  1698 | D:3      | Learned a level 2 spell: Blink
  1701 | D:3      | Learned a level 2 spell: Repel Missiles
  1914 | D:3      | Found a shimmering altar of Xom.
  2086 | D:3      | Reached skill level 6 in Spellcasting
  2086 | D:3      | Reached XP level 5. HP: 28/28 MP: 7/15
  2701 | D:4      | Noticed an ogre
  2709 | D:4      | Killed an ogre
  2709 | D:4      | Reached skill level 1 in Air Magic
  2709 | D:4      | Reached skill level 1 in Poison Magic
  2709 | D:4      | Reached XP level 6. HP: 32/32 MP: 9/17
  2728 | D:4      | Found a sparkling altar of Nemelex Xobeh.
  2952 | D:4      | Found a glowing drain.
  2956 | Sewer    | Entered a sewer
  3524 | D:5      | Entered Level 5 of the Dungeon
  3536 | D:5      | Reached XP level 7. HP: 29/36 MP: 6/18
  3604 | D:5      | Noticed a hippogriff
  3637 | D:5      | Killed a hippogriff
  3768 | D:5      | Noticed Duvessa
  3768 | D:5      | Noticed Dowan
  4078 | D:5      | Reached skill level 5 in Poison Magic
  4374 | D:6      | Reached XP level 8. HP: 9/41 MP: 4/19
  4672 | D:6      | Reached skill level 5 in Air Magic
  4945 | D:6      | Slain by an orc warrior

Skill      XL: |  1  2  3  4  5  6  7  8 |
---------------+-------------------------+-----
Dodging        | 3 |  3.1
Stealth        | 3 |  3.2
Conjurations   | 2 3 4 |  4.3
Spellcasting   | 5 6 |  6.3
Air Magic      | 1 3 4 5 |  5.4
Poison Magic   | 1 3 5 |  5.9
Summonings     | |  1.1
Translocations | |  1.1

Action                   |  1- 3 |  4- 6 |  7- 9 || total
-------------------------+-------+-------+-------++-------
Melee: Dagger            |    19 |    22 |    54 ||    95
 Cast: Magic Dart        |    89 |   122 |    83 ||   294
       Mephitic Cloud    |       |     3 |    13 ||    16
       Blink             |       |       |     2 ||     2
       Call Imp          |       |       |     3 ||     3
       Conjure Flame     |       |       |     1 ||     1
  Use: Potion            |     2 |       |       ||     2
       Scroll            |       |     9 |       ||     9
 Stab: Confused          |       |     2 |     3 ||     5
  Eat: Chunk             |     2 |     5 |     4 ||    11
       Beef jerky        |       |       |     1 ||     1
Armor: Robe              |     3 |     8 |     7 ||    18
Dodge: Dodged            |    13 |    19 |    38 ||    70
